 Dungeon Crawl Stone Soup version 0.27.1-33-g824d729ab1 (webtiles) character file.

Game seed: 10216585783446791918

56 lonewolfV2 the Skirmisher (level 3, 0/31 HPs)
             Began as a Palentonga Fighter on Dec 16, 2021.
             Succumbed to an adder's poison
             ... on level 3 of the Dungeon.
             The game lasted 00:03:25 (1256 turns).

lonewolfV2 the Skirmisher (Palentonga Fighter)      Turns: 1256, Time: 00:03:25

Health: 0/31       AC:  6    Str: 20    XL:     3   Next: 69%
Magic:  3/3        EV:  5    Int:  8    God:
Gold:   32         SH:  9    Dex:  9    Spells: 2/2 levels left

rFire    . . .     SeeInvis +   a - +1 war axe
rCold    . . .     Faith    .   c - +0 kite shield
rNeg     . . .     Spirit   .   b - +0 scale mail
rPois    .         Reflect  .   (no helmet)
rElec    .         Harm     .   (no cloak)
rCorr    .         Rampage  .   (no gloves)
Will     .....                  (no barding)
Stlth    ..........             (no amulet)
HPRegen  0.10/turn              (no ring)
MPRegen  0.08/turn              (no ring)

@: lethally poisoned (0 -> -6)
A: large, rugged brown scales 3, see invisible, deformed body, roll 1, armoured
tail
a: Rolling Charge


You were on level 3 of the Dungeon.
You visited 1 branch of the dungeon, and saw 3 of its levels.

You collected 32 gold pieces.

Inventory:

Hand Weapons
 a - a +1 war axe (weapon)
Armour
 b - a +0 scale mail (worn)
 c - a +0 kite shield (worn)
Scrolls
 k - a scroll of teleportation
Potions
 d - a potion of might
 e - a potion of curing
 f - 2 potions of haste {unknown}
 h - a potion of heal wounds {unknown}
 i - a potion of degeneration {unknown}
 j - a potion of cancellation {unknown}


   Skills:
 + Level 3.3 Fighting
 + Level 2.8 Axes
 + Level 2.7 Armour
 + Level 2.9 Shields


You had 2 spell levels left.
You didn't know any spells.
Your spell library contained the following spells:

 Spells                   Type           Power      Damage    Failure   Level
 Corona                   Hex            0%         N/A       99%         1
 Ensorcelled Hibernation  Hex/Ice        0%         N/A       100%        2
 Tukima's Dance           Hex            0%         N/A       100%        3


Dungeon Overview and Level Annotations

Branches:
Dungeon (3/15)

Altars:


Innate Abilities, Weirdness & Mutations

You are completely covered in rugged brown scales. (AC +3, +7% HP)
You have supernaturally acute eyesight. (SInv)
Armour fits poorly on your strangely shaped body.
You can roll at nearby foes to attack.
You have a long armoured tail.


Message History

You are poisoned.
The adder poisons you! The bat hits you but does no damage.
You block the adder's attack. You block the bat's attack.
You barely miss the adder.
The adder is lightly wounded.
You hit the bat.
You kill the bat!
You feel sick. You block the adder's attack. The adder bites you.
You barely miss the adder. You tail-slap the adder!
The adder is severely wounded.
You feel sick. You block the adder's attack. x2
You miss the adder.
Your tail-slap misses the adder.
The adder is severely wounded.
You feel sick.
The adder bites you but does no damage. x2
You closely miss the adder.
Your tail-slap misses the adder.
The adder is severely wounded.
You feel sick.
You are no longer poisoned.
The adder bites you but does no damage. The adder bites you.
You are poisoned.
The adder poisons you!
You closely miss the adder.
The adder is severely wounded.
You feel sick. You block the adder's attack.
The adder bites you but does no damage.
You miss the adder.
The adder is severely wounded.
You feel sick. You block the adder's attack. The adder barely misses you.
The adder bites you.
* * * LOW HITPOINT WARNING * * *
You are lethally poisoned!
The adder poisons you!
You hit the adder.
Your tail-slap misses the adder.
The adder is almost dead.
* * * LOW HITPOINT WARNING * * *
You feel very sick. You block the adder's attack. x2
You hit the adder.
You kill the adder!
You die...

*,*,**,**#.*****.....,,,,,,**,,,,
,,*,**,*##...,,,...**,,,,*****8,8
,,,,,,,,,.....,...,,,,,,,,,,,**+*
*,*,*,*,*,#.#.#.#,*,*,*,*,*,,,,,,
**,*,*,*,*,#.#.##########*,,*,,,,
*,*,*,*,*,*,#<#.8...÷.._#,*,,,,,,
**,*,*,*,*,#.#.#........#*,,*,*,,
,,*,*,*,*,#.#.#.8÷÷÷.÷÷.#,*,*,*,,
**,*,*,*,#.#.#.#@÷......#*,,*,*,,
*,*,*,*,#.#.#.#.8......÷#,*,*,*,,
**,*,*,#.#.#.#.#.8..$8.##*,,*,*,,
*,*,*,#.#.#.#.#.#.#.#...#,*,*,*,*
,*,*,*.#.#.#.#.#.#.#.#.#.#,,*,,,*
*,*,*,*.#.#.#.#.#,#.#.#...,,,,*,*
**,*,*,*.#.#.#..,*,#,#.#..,,,,*,,
*,*,*,*,*.#.###,***,*,#...,,*,***
**,*,*,*,*.#*,,,,,**,*,#.*,,*,,,,


There were no monsters in sight!

Vanquished Creatures
  2 adders
  3 dart slugs
  5 ball pythons
  2 bats
  5 endoplasms
  5 goblins
  A hobgoblin (D:1)
  6 kobolds
  3 quokkas
  A frilled lizard (D:1)
  3 rats
36 creatures vanquished.

Notes
Turn   | Place    | Note
-------+----------+-------------------------------------------
     0 | D:1      | lonewolfV2 the Palentonga Fighter began the quest for the
                  | Orb.
     0 | D:1      | Reached XP level 1. HP: 19/19 MP: 1/1
   103 | D:1      | Reached XP level 2. HP: 24/25 MP: 2/2
   507 | D:1      | Reached XP level 3. HP: 28/31 MP: 3/3
  1236 | D:3      | Found a faded altar of an unknown god.
  1255 | D:3      | HP: 1/31 [poisoned by an adder]
  1256 | D:3      | Succumbed to an adder's poison

Illustrated notes

Levels and vault maps discovered:
D:1:      ncdulo_wetmaze, layout_rooms, minmay_statues_item
D:2:      layout_loops_cross
D:3:      layout_basic, nicolae_wu_jian_wuxing_cycle,
          shapermc_ecumenical_altar_pompeii, hangedman_abyss_or_decor_stabs,
          dk_noncrumbling_4, serial_bayou_crossing, uniq_sigmund

Action                   || total
-------------------------++-------
Melee: War axe           ||    78
       Tailslap          ||    10
 Abil: Rolling Charge    ||    10
  Use: Scroll            ||     6
Armor: Scale mail        ||    50
Dodge: Dodged            ||    19
Block: Kite shield       ||    54
